 Dungeon Crawl Stone Soup version 0.28.0-53-g5a82cb258f (webtiles) character file.

Game seed: 2575008649898610381

3872 BreqofToren the Cruncher (level 10, 0/88 HPs)
             Began as a Minotaur Fighter on May 30, 2022.
             Was a Believer of the Shining One.
             Slain by a cyclops (25 damage)
             ... on level 6 of the Dungeon.
             The game lasted 00:17:53 (6291 turns).

BreqofToren the Cruncher (Minotaur Fighter)         Turns: 6291, Time: 00:17:54

Health: 0/88       AC: 18    Str: 23    XL:     10   Next: 0%
Magic:  12/12      EV: 10    Int:  8    God:    the Shining One [**....]
Gold:   198        SH:  0    Dex: 12    Spells: 9/9 levels left

rFire   . . .      SeeInvis .   j - +7 quarterstaff of Zyfry {holy, Int+3}
rCold   + . .      Faith    .   (shield currently unavailable)
rNeg    + + .      Spirit   .   n - +2 chain mail {rC+}
rPois   .          Reflect  .   (helmet restricted)
rElec   .          Harm     .   (no cloak)
rCorr   .          Rampage  .   (no gloves)
Will    .....                   p - +0 pair of boots
Stlth   ..........              (no amulet)
HPRegen 0.24/turn               d - ring of positive energy
MPRegen 0.13/turn               e - +4 ring of protection

@: glowing
A: horns 2, retaliatory headbutt
a: Renounce Religion, Divine Shield


You were on level 6 of the Dungeon.
You worshipped the Shining One.
The Shining One was pleased with you.
You visited 2 branches of the dungeon, and saw 7 of its levels.

You collected 198 gold pieces.

Inventory:

Hand Weapons
 a - a +0 long sword
 j - the +7 quarterstaff of Zyfry (weapon) {holy, Int+3}
   (You found it on level 3 of the Dungeon)

   It has been blessed by the Shining One to cause great damage to the undead
   and demons.
   Int:       It affects your intelligence (+3).
Armour
 c - a +0 buckler
 n - a +2 chain mail of cold resistance (worn)
 p - a +0 pair of boots (worn)
Jewellery
 d - a ring of positive energy (left hand)
 e - a +4 ring of protection (right hand)
 k - an amulet of magic regeneration
Wands
 f - a wand of mindburst (13)
 h - a wand of charming (10)
 o - a wand of polymorph (3)
Scrolls
 b - 2 scrolls of immolation {unknown}
 l - 3 scrolls of teleportation
Potions
 g - 2 potions of mutation
 i - a potion of degeneration {unknown}
 m - a potion of ambrosia {unknown}
 q - a potion of curing {unknown}


   Skills:
 + Level 7.9 Fighting
 - Level 4.7 Long Blades
 * Level 9.1 Staves
 + Level 7.9 Armour
 + Level 6.2 Dodging
 - Level 5.0 Shields
 + Level 4.7 Invocations


You had 9 spell levels left.
You didn't know any spells.
Your spell library contained the following spells:

 Spells                   Type           Power      Damage    Failure   Level
 Apportation              Tloc           0%         N/A       95%         1
 Freeze                   Ice            0%         1d3       95%         1
 Sandblast                Erth           0%         2d4       95%         1
 Summon Small Mammal      Summ           0%         N/A       95%         1
 Tukima's Dance           Hex            0%         N/A       100%        3
 Passage of Golubria      Tloc           0%         N/A       100%        4
 Alistair's Intoxication  Tmut/Pois      0%         N/A       100%        5
 Yara's Violent Unravell  Hex/Tmut       0%         3d3       100%        5


Dungeon Overview and Level Annotations

Branches:
Dungeon (6/15)             Temple (1/1) D:4

Altars:
Ashenzari
Cheibriados
Fedhas
Hepliaklqana
Makhleb
Nemelex Xobeh
Okawaru
Ru
Sif Muna
Vehumet
Wu Jian
Xom
Zin
The Shining One

Shops:
D:1 =


Innate Abilities, Weirdness & Mutations

You have a pair of horns on your head.
You reflexively headbutt those who attack you in melee.


Message History

The five-headed hydra bites you but does no damage.
The five-headed hydra closely misses you.
The five-headed hydra bites you but does no damage.
The five-headed hydra bites you!
The five-headed hydra bites you but does no damage.
You bludgeon the five-headed hydra!!
The five-headed hydra is almost dead.
The five-headed hydra bites you but does no damage.
The five-headed hydra bites you.
The five-headed hydra barely misses you.
The five-headed hydra completely misses you.
The five-headed hydra bites you!
You hit the five-headed hydra.
The five-headed hydra is almost dead.
The five-headed hydra bites you!
The five-headed hydra bites you but does no damage. x3
The five-headed hydra barely misses you.
You sock the five-headed hydra!
You kill the five-headed hydra!
Your Staves skill increases to level 9!
Your Dodging skill increases to level 6!
You barely miss the scorpion. You headbutt the scorpion!
The scorpion is heavily wounded.
The scorpion stings you but does no damage.
You sock the scorpion!
You kill the scorpion!
You have reached level 10!
You sock the cyclops!
The cyclops is moderately wounded.
You sock the cyclops!
The cyclops is heavily wounded.
The cyclops hits you!!
* * * LOW HITPOINT WARNING * * *
You sock the cyclops!
The cyclops is severely wounded.
A vampire mosquito comes into view.
You sock the cyclops! You headbutt the cyclops.
The cyclops is almost dead.
The cyclops hits you!!
You die...

#.###########..##....
#.# #####.... #.#
##...... #.# #......#
#.# ##.....# #.#
##..### #.#####
##...# #.....# #....
####@## ##... #C#
##.# y#. # # .# ## #.
#


You could see a cyclops and a vampire mosquito.

Vanquished Creatures
  A hydra (D:6)
  The ghost of CryoSword the Chiller, an amateur DgIE (D:4)
  6 yaks (D:5)
  Edmund (D:6)
  An orc warrior (D:6)
  2 ice beasts
  A sky beast (D:6)
  An ogre (D:4)
  3 phantoms
  A bullfrog (D:6)
  A water moccasin zombie (D:4)
  2 scorpions
  2 water moccasin skeletons (D:6)
  5 killer bees (D:5)
  2 howler monkeys (D:4)
  4 orc priests
  A centaur skeleton (D:5)
  6 hounds
  Ijyb (D:3)
  A bullfrog skeleton (D:6)
  2 iguanas
  4 orc wizards
  A killer bee zombie (D:4)
  4 howler monkey skeletons
  3 gnolls (D:3)
  6 adders
  3 worms
  An adder skeleton (D:5)
  3 dart slugs
  26 orcs
  8 ball pythons
  6 endoplasms
  4 giant cockroaches
  7 goblins
  6 hobgoblins
  2 jackals (D:1)
  A quokka (D:5)
  4 bats (D:1)
  4 frilled lizards
  7 kobolds
  3 rats
148 creatures vanquished.

Notes
Turn   | Place    | Note
-------+----------+-------------------------------------------
     0 | D:1      | BreqofToren the Minotaur Fighter began the quest for the
                  | Orb.
     0 | D:1      | Reached XP level 1. HP: 19/19 MP: 0/0
    94 | D:1      | Found Wyill's Jewellery Shoppe.
   185 | D:1      | Reached XP level 2. HP: 26/27 MP: 1/1
   600 | D:1      | Reached skill level 1 in Dodging
   689 | D:1      | Reached XP level 3. HP: 29/33 MP: 2/2
  1273 | D:2      | Found a faded altar of an unknown god.
  1529 | D:2      | Reached XP level 4. HP: 40/40 MP: 3/3
  1964 | D:3      | Noticed Ijyb
  1976 | D:3      | Killed Ijyb
  2177 | D:3      | Reached XP level 5. HP: 21/47 MP: 4/4
  2421 | D:3      | Got A Beginning Course on Sorcery
  2608 | D:3      | Noticed an ice beast
  2612 | D:3      | Killed an ice beast
  2641 | D:3      | Identified the +7 quarterstaff of Zyfry {holy, Int+3}
  2771 | D:4      | Reached XP level 6. HP: 53/53 MP: 5/5
  2790 | D:4      | Reached skill level 1 in Staves
  2901 | D:4      | Reached skill level 5 in Armour
  2908 | D:4      | Reached skill level 5 in Fighting
  2908 | D:4      | Reached skill level 2 in Staves
  3105 | D:4      | Reached skill level 5 in Shields
  3286 | D:4      | Reached XP level 7. HP: 61/61 MP: 6/6
  3376 | D:4      | Reached skill level 3 in Staves
  3387 | D:4      | Found a staircase to the Ecumenical Temple.
  3398 | Temple   | Entered the Ecumenical Temple
  3470 | Temple   | Became a worshipper of the Shining One
  3768 | D:4      | Found a glowing silver altar of Zin.
  3838 | D:4      | Reached skill level 1 in Invocations
  3872 | D:4      | Reached skill level 4 in Staves
  4016 | D:4      | Found a runed translucent gate.
  4016 | D:4      | Found a runed translucent gate.
  4016 | D:4      | Found a runed translucent gate.
  4016 | D:4      | Noticed CryoSword's ghost (amateur DgIE)
  4036 | D:4      | Killed CryoSword's ghost
  4037 | D:4      | Reached XP level 8. HP: 49/70 MP: 8/8
  4041 | D:4      | Reached skill level 5 in Staves
  4237 | D:5      | Entered Level 5 of the Dungeon
  4390 | D:5      | Reached skill level 6 in Staves
  4402 | D:5      | Reached skill level 5 in Dodging
  4402 | D:5      | Reached XP level 9. HP: 67/78 MP: 10/10
  4492 | D:5      | Reached skill level 7 in Staves
  4553 | D:5      | Reached * piety under the Shining One
  5526 | D:6      | Noticed Edmund
  5536 | D:6      | The Shining One protects you from harm!
  5537 | D:6      | Killed Edmund
  5539 | D:6      | HP: 1/79 [orc/+0 war axe (8)]
  5541 | D:6      | The Shining One protects you from harm!
  5969 | D:6      | Reached skill level 8 in Staves
  6277 | D:6      | Noticed a five-headed hydra
  6279 | D:6      | Noticed a cyclops
  6279 | D:6      | Reached ** piety under the Shining One
  6285 | D:6      | Killed a five-headed hydra
  6286 | D:6      | Reached skill level 9 in Staves
  6288 | D:6      | Reached XP level 10. HP: 45/88 MP: 12/12
  6291 | D:6      | Slain by a cyclops

Illustrated notes

Levels and vault maps discovered:
D:1:      dpeg_arrival_brainrot, layout_basic, serial_shops, shop
D:2:      layout_rooms, ebering_ecumenical_altar_rust
D:3:      layout_basic, uniq_ijyb
D:4:      layout_loops_corners, kennysheep_mini_moat,
          minmay_temple_entry_poolview, gammafunk_ghost_necromancy
D:5:      layout_layer_cave
D:6:      minmay_cornered_nines, layout_cave_pools, uniq_edmund
Temple:   nicolae_temple_god_jail

Skill      XL: |  1  2  3  4  5  6  7  8  9 |
---------------+----------------------------+-----
Long Blades    | 3 4 |  4.7
Dodging        | 1 2 4 5 6 |  6.2
Fighting       | 4 5 6 7 |  7.9
Armour         | 4 5 6 7 |  7.9
Shields        | 4 5 |  5.0
Staves         | 2 4 6 9 |  9.1
Invocations    | 1 3 4 |  4.7

Action                   |  1- 3 |  4- 6 |  7- 9 | 10-12 || total
-------------------------+-------+-------+-------+-------++-------
Melee: Long sword        |    73 |    74 |       |       ||   147
       Headbutt          |     9 |    13 |    36 |     1 ||    59
       Quarterstaff      |       |    29 |   168 |     4 ||   201
  Use: Potion            |       |     3 |     1 |       ||     4
       Scroll            |       |     2 |     2 |       ||     4
Armor: Scale mail        |    31 |    40 |    35 |       ||   106
       Chain mail        |       |       |    46 |       ||    46
Dodge: Dodged            |    29 |    59 |    90 |       ||   178
Block: Buckler           |    18 |    19 |       |       ||    37
